 Dungeon Crawl Stone Soup version 0.14-a0-736-g2a71271 (webtiles) character file.

130 PolkaDot the Vexing (level 3, -3/24 HPs)
             Began as a Vampire Enchanter on Nov 7, 2013.
             Slain by an adder (5 damage)
             ... on Level 3 of the Dungeon.
             The game lasted 00:04:41 (1562 turns).

PolkaDot the Vexing (Vampire Enchanter)             Turns: 1562, Time: 00:04:41

HP  -3/24        AC  4     Str  7      XL: 3   Next: 46%
MP   1/6         EV 12     Int 18      God:
Gold 84          SH  0     Dex 14      Spells:  2 memorised,  0 levels left

Res.Fire  : . . .   See Invis. : +   a - +1 dagger
Res.Cold  : . . .   Warding    : .   b - +2 robe
Life Prot.: . . .   Conserve   : .   (no shield)
Res.Poison: .       Res.Corr.  : .   e - +0 cap
Res.Elec. : .       Clarity    : .   (no cloak)
Sust.Abil.: . .     Spirit.Shd : .   (no gloves)
Res.Mut.  : .       Stasis     : .   (no boots)
Res.Rott. : .       Flight     : .   (no amulet)
Saprovore : . . .                    (no ring)
                                     (no ring)

@: regenerating quickly, slightly resistant to hostile enchantments, stealthy
A: fangs 3, see invisible, unbreathing
a: no special abilities


You were on level 3 of the Dungeon.
You were very full.

You visited 1 branch of the dungeon, and saw 3 of its levels.

You collected 84 gold pieces.

Inventory:

Hand weapons
 a - a +1,+1 dagger (weapon)
Missiles
 d - 10 darts (quivered)
Armour
 b - a +2 robe (worn)
 e - a +0 cap (worn)
Magical devices
 l - a wand of flame (13)
 o - a wand of confusion (16) {unknown}
Scrolls
 h - 2 scrolls of teleportation {unknown}
 j - a scroll of random uselessness {unknown}
 m - a scroll of enchant weapon I {unknown}
 n - a scroll of identify {unknown}
Jewellery
 i - a +1 ring of intelligence {unknown}
Potions
 f - 4 potions of curing {unknown}
 g - a potion of porridge {unknown}
 k - a potion of confusion {unknown}
 p - 3 potions of heal wounds {unknown}
Books
 c - a book of Maledictions

   Spells                             Type                      Level
   *Corona                            Hexes                        1
   Sure Blade                         Hexes/Charms                 2
   Ensorcelled Hibernation            Hexes/Ice                    2
   *Confuse                           Hexes                        3
   Enslavement                        Hexes                        4
   Invisibility                       Hexes                        6


   Skills:
 - Level 3.0 Short Blades
 - Level 0.7 Throwing
 - Level 2.1 Dodging
 + Level 4.2 Stealth
 - Level 1.0 Spellcasting
 * Level 4.5 Hexes


You couldn't memorise any spells.
You knew the following spells:

 Your Spells              Type           Power        Failure   Level  Hunger
A - Corona                Hex            ###....      3%          1    ##.....
C - Confuse               Hex            ###.....     12%         3    ####...


Dungeon Overview and Level Annotations

Branches:
Dungeon (3/27)

Altars:
Nemelex Xobeh


Innate Abilities, Weirdness & Mutations

Your natural rate of healing is unusually fast.
You have razor-sharp teeth.*
You have supernaturally acute eyesight.
You can survive without breathing.*


Message History

You hit the adder.
The adder is almost dead.
You feel sick. The adder closely misses you.
You hit the adder.
The adder is almost dead.
You feel sick.
You feel better. The adder misses you. The adder bites you.
* * * LOW HITPOINT WARNING * * *
You are too injured to fight recklessly!
You are too injured to fight recklessly!
You are too injured to fight recklessly!
You closely miss the adder. Your bite misses the adder.
The adder is almost dead.
The adder bites you.
* * * LOW HITPOINT WARNING * * *
You miss the adder.
The adder is almost dead.
The adder bites you.
You die...

#..# .# #..###....
#..)....# #..###....
#####..# ## #...#..# #####
#...#..# #...###...#..#
+..@'.'..)'..#
##############..S###...#.##
#...........##...# #...#.#
#)#########.##...# #####.#
#.######.##.##...# #.#
#.#......##.##...# #.#
#.#.####.##.##.(.# #.#
#.#.####.##.##...# #.#
#<..........# ### #.#


You could see an adder.

Vanquished Creatures
  An adder (D:2)
  A worm (D:2)
  A giant cockroach (D:2)
  9 hobgoblins
  3 bats
  2 giant newts (D:2)
  3 goblins
  5 kobolds
  A quokka (D:2)
  6 rats
32 creatures vanquished.

Notes
Turn   | Place    | Note
--------------------------------------------------------------
     0 | D:1      | PolkaDot, the Vampire Enchanter, began the quest for the Orb.
     0 | D:1      | Reached XP level 1. HP: 13/13 MP: 4/4
   546 | D:1      | Reached XP level 2. HP: 14/19 MP: 3/5
   754 | D:2      | Found a sparkling altar of Nemelex Xobeh.
  1054 | D:2      | Reached XP level 3. HP: 17/24 MP: 6/6
  1066 | D:2      | Learned a level 3 spell: Confuse
  1562 | D:3      | Slain by an adder

Action                   || total
-------------------------++-------
Melee: Dagger            ||   110
Throw: Dart              ||     7
 Cast: Corona            ||     7
       Confuse           ||     2
Evoke: Wand              ||     1
  Use: Potion            ||     2
       Scroll            ||     5
 Stab: Sleeping          ||     9
